 Dungeon Crawl Stone Soup version 0.19-a0-1907-gcff654f (webtiles) character file.

164 dobroeutro the Shooter (level 5, 0/46 HPs)
             Began as a Centaur Hunter on Oct 21, 2016.
             Slain by Purgy (4 damage)
             ... in a sewer.
             The game lasted 00:04:27 (2406 turns).

dobroeutro the Shooter (Centaur Hunter)             Turns: 2406, Time: 00:04:28

Health: 0/46       AC:  8    Str: 11 (14) XL:     5   Next: 21%
Magic:  5/5        EV:  7    Int:  9 (10) God:
Gold:   126        SH:  0    Dex:  8 (11) Spells: 0 memorised, 4 levels left

rFire  . . .     SeeInvis .     a - +1 shortbow
rCold  . . .     Gourm    .     c - +0 leather armour
rNeg   . . .     Faith    .     (shield currently unavailable)
rPois  .         Spirit   .     (no helmet)
rElec  .         Reflect  .     (no cloak)
rCorr  .         Harm     .     (no gloves)
MR     .....                    e - +0 centaur barding
Stlth  ..........               (no amulet)
                                (no ring)
                                (no ring)

@: very quick
A: hooves 3, deformed body, speed 2, tough skin 3
a: no special abilities


You were in a sewer.
You were not hungry.

You visited 1 branch of the dungeon, and saw 3 of its levels.
You also visited: Sewer.

You collected 126 gold pieces.

Inventory:

Hand Weapons
 a - a +1 shortbow (weapon)
 b - a +0 short sword
Missiles
 d - 84 arrows (quivered)
Armour
 c - a +0 leather armour (worn)
 e - a +0 centaur barding (worn)
Scrolls
 g - 3 scrolls of identify {unknown}
 h - 2 scrolls of remove curse {unknown}
 i - 2 scrolls of noise {unknown}
Potions
 j - a potion of flight {unknown}
 p - a potion of berserk rage {unknown}
Comestibles
 f - a bread ration
 m - a meat ration
 q - a chunk of flesh


   Skills:
 + Level 4.1 Fighting
 + Level 7.1 Bows
 - Level 1.3 Dodging
 - Level 0.4 Stealth


You had 4 spell levels left.
You didn't know any spells.

Dungeon Overview and Level Annotations

Branches:
Dungeon (3/15)

Altars:
Dithmenos
Hepliaklqana
Ru
The Shining One

Annotations:
Sewer Purgy


Innate Abilities, Weirdness & Mutations

You have hooves in place of feet.
Armour fits poorly on your strangely shaped body.
You cover ground very quickly.
You have extremely tough skin. (AC +3)


Message History

You enter the shallow water.
Moving in this stuff is going to be slow.
You enter the shallow water.
Moving in this stuff is going to be slow.
Why would you want to do that?
You enter the shallow water.
Moving in this stuff is going to be slow.
You enter the shallow water.
Moving in this stuff is going to be slow.
Why would you want to do that? Why would you want to do that?
It was a potion of magic.
Magic courses through your body. Purgy bites you.
* * * LOW HITPOINT WARNING * * *
Purgy claws you but does no damage. Purgy claws you.
* * * LOW HITPOINT WARNING * * *
It was a potion of degeneration.
There was something very wrong with that liquid.
You feel weakened.
You feel dopey.
You feel clumsy. Purgy bites you but does no damage. Purgy claws you.
You die...

##≈≈≈≈≈≈≈≈ #≈≈≈≈≈≈≈#
#≈≈≈≈≈≈≈# ####.≈≈≈≈≈##
##.#≈≈≈≈≈≈≈# #.≈≈≈≈≈≈≈≈≈≈#
###≈≈≈≈≈≈≈≈≈≈≈# ####
#.#T≈≈≈≈≈≈≈≈≈≈≈ #..#
#≈@≈≈≈≈≈≈≈≈≈≈≈#
##∩∩###.≈≈≈≈≈≈≈≈≈≈≈≈≈
###†≈≈†.≈≈≈≈≈≈≈≈≈≈≈≈≈≈#
#≈≈≈≈≈≈≈≈≈≈≈≈≈≈≈≈≈≈≈≈#
≈≈≈≈≈≈≈≈≈≈≈≈≈≈≈≈≈≈≈≈≈≈≈≈≈≈
≈≈≈≈≈≈≈≈≈≈≈≈≈≈≈≈≈≈≈≈≈≈≈≈
≈≈≈≈≈≈≈≈≈≈≈≈≈≈≈≈≈≈≈≈≈≈≈≈
≈≈≈≈≈≈≈≈≈≈≈≈≈≈≈≈≈≈≈≈≈≈#
≈≈≈≈≈≈≈≈≈≈≈≈≈≈≈≈≈≈≈≈≈#


You could see Purgy.

Vanquished Creatures
  Ijyb (D:2)
  5 adders
  6 worms
  6 dart slugs
  An orc (D:3)
  4 ball pythons (Sewer)
  5 bats
  4 giant cockroaches
  A goblin (D:1)
  8 hobgoblins
  6 kobolds
  2 quokkas
  7 frilled lizards
  9 rats
65 creatures vanquished.

Notes
Turn   | Place    | Note
-------+----------+-------------------------------------------
     0 | D:1      | dobroeutro the Centaur Hunter began the quest for the Orb.
     0 | D:1      | Reached XP level 1. HP: 17/17 MP: 1/1
    61 | D:1      | Found a glowing golden altar of the Shining One.
   153 | D:1      | Reached XP level 2. HP: 25/25 MP: 2/2
   750 | D:2      | Reached skill level 6 in Bows
   750 | D:2      | Reached XP level 3. HP: 22/30 MP: 3/3
  1241 | D:2      | Reached XP level 4. HP: 35/38 MP: 4/4
  1247 | D:2      | Found a shadowy altar of Dithmenos.
  1389 | D:2      | Noticed Ijyb
  1404 | D:2      | Killed Ijyb
  1531 | D:2      | Found a hazy altar of Hepliaklqana.
  1679 | D:2      | Found a sacrificial altar of Ru.
  1910 | D:3      | Reached skill level 7 in Bows
  2031 | D:3      | Reached XP level 5. HP: 18/46 MP: 5/5
  2182 | D:3      | Found a glowing drain.
  2191 | Sewer    | Entered a sewer
  2369 | Sewer    | Noticed Purgy
  2406 | Sewer    | Slain by Purgy

Vault maps used:
D:1:      minmay_arrival_stone_box, tso_metal_star
D:2:      overflow_temple_1_default, grunt_dithmenos_smoke_and_mirrors,
          lemuel_round_altar, corexii_hall_statues_l, uniq_iyjb
D:3:      grunt_temple_overflow_opulence, bloody_makhleb, portal_sewer_entry_d,
          st_stairs_11, minmay_misc_feat_tiny
Sewer:    sewer_co_purgy_island

Skill      XL: |  1  2  3  4  5 |
---------------+----------------+-----
Bows           | 6 7 |  7.1
Fighting       | 3 4 |  4.1
Dodging        | |  1.3
Stealth        | |  0.4

Action                   |  1- 3 |  4- 6 || total
-------------------------+-------+-------++-------
Melee: Short sword       |   114 |   127 ||   241
       Kick              |    25 |    26 ||    51
 Fire: Shortbow          |     2 |    21 ||    23
  Use: Scroll            |       |     3 ||     3
       Potion            |       |     2 ||     2
  Eat: Chunk             |     1 |     3 ||     4
Armor: Leather armour    |    45 |    67 ||   112
Dodge: Dodged            |    44 |    65 ||   109
